 Dungeon Sprint DCSS version 0.21.1-1-g345015f (webtiles) character file.

9391 Fang the Severer (level 11, -2/172 HPs)
             Began as a Minotaur Berserker on June 23, 2018.
             Was the Champion of Trog.
             Slain by an iron golem (21 damage)
             ... in the Dungeon (Sprint V: "Ziggurat Sprint").
             The game lasted 00:06:24 (1412 turns).

Fang the Severer (Minotaur Berserker)               Turns: 1412, Time: 00:06:25

Health: -2/172     AC: 10    Str: 36    XL:     11   Next: 22%
Magic:  3/3        EV: 17    Int:  6    God:    Trog [******]
Gold:   0          SH:  0    Dex: 14    Spells: 10/10 levels left

rFire    + . .     SeeInvis .   D - +5 battleaxe (antimagic)
rCold    . . .     Gourm    .   (shield currently unavailable)
rNeg     . . .     Faith    .   E - +3 leather armour "Wobar" {+Inv}
rPois    .         Spirit   .   (helmet restricted)
rElec    .         Reflect  .   A - +1 cloak "Firhixit" {MR+}
rCorr    .         Harm     .   (no gloves)
MR       +....     NoTele   +   (no boots)
Stlth    ..........             (no amulet)
HPRegen  0.38/turn              F - +6 ring of strength
MPRegen  0.08/turn              j - ring of Ashenzari's Regard {rF+ Int+2 Dex+4}

@: berserking, very quick
A: retaliatory headbutt, horns 2
a: Berserk, Trog's Hand, Brothers in Arms, Burn Spellbooks, Renounce Religion,
Evoke Invisibility


You were in the Dungeon.
You worshipped Trog.
Trog was exalted by your worship.
You were not hungry.

You visited 1 branch

Inventory:

Hand Weapons
 b - a +3 war axe of electrocution
 k - a +5 executioner's axe of draining
 l - a +1 battleaxe of flaming
 B - a +3 broad axe of freezing
 C - a +3 battleaxe of venom
 D - a +5 antimagic battleaxe (weapon)
Armour
 A - the +1 cloak "Firhixit" (worn) {MR+}
   (You found it in the Dungeon)

   It affects your resistance to hostile enchantments.
 E - the +3 leather armour "Wobar" (worn) {+Inv}
   (You found it in the Dungeon)

   It lets you turn invisible.
Jewellery
 j - the ring of Ashenzari's Regard (right hand) {rF+ Int+2 Dex+4}
   (You found it in the Dungeon)

   [ring of protection from fire]

   It affects your intelligence (+2).
   It affects your dexterity (+4).
   It protects you from fire.
 F - a +6 ring of strength (left hand)
Wands
 x - a wand of disintegration (7)
 y - a wand of iceblast (7)
 z - a wand of acid (7)
Scrolls
 i - 4 scrolls of blinking
 m - 7 scrolls of fog
 n - 2 scrolls of holy word
 o - 5 scrolls of identify
 p - 5 scrolls of remove curse
 q - 2 scrolls of fear
Potions
 d - 10 potions of curing
 e - 10 potions of heal wounds
 f - 6 potions of haste
 g - 7 potions of magic
 h - 3 potions of berserk rage
 r - 2 potions of brilliance
 s - 2 potions of invisibility
 t - 4 potions of resistance
 v - 5 potions of agility
 w - 5 potions of might
Miscellaneous
 u - a sack of spiders
Comestibles
 c - 4 rations


   Skills:
 + Level 16.5 Fighting
 + Level 19.6(20.0) Axes
   Level 7.8(15.0) Polearms
 + Level 12.3 Armour
 + Level 9.1 Dodging
 + Level 4.4 Stealth


You had 10 spell levels left.
You didn't know any spells.

Dungeon Overview and Level Annotations

Branches:
Dungeon (1/1)

Altars:
Ashenzari
Cheibriados
Dithmenos
Elyvilon
Fedhas
Gozag
Hepliaklqana
Kikubaaqudgha
Makhleb
Nemelex Xobeh
Okawaru
Qazlal
Ru
Sif Muna
Trog
Uskayaw
Vehumet
Wu Jian
Xom
Yredelemnul
Zin
The Shining One
Beogh
Jiyva
Lugonu

Annotations:
D 1 transporter


Innate Abilities, Weirdness & Mutations

You reflexively headbutt those who attack you in melee.
You have a pair of horns on your head.


Message History

Unknown command.
You hit the iron golem.
You feel the power of Trog in you as your rage grows.
You destroy the iron golem!
Trog accepts your kill.
You closely miss the quicksilver dragon.
You slash the iron golem!
The quicksilver dragon barely misses you.
The quicksilver dragon claws you.
* * * LOW HITPOINT WARNING * * *
You barely miss the iron golem. You hit the iron golem.
You slice the earth elemental!! You hit the quicksilver dragon.
You kill the quicksilver dragon!
Trog accepts your kill.
Your Fighting skill increases to level 16!
Your base Axes skill increases to level 19!
Your Dodging skill increases to level 9!
You have reached level 11!
The iron golem hits you!!
You die...

▓....©....▓...©...▓
▓▓▓▓▓▓▓▓▓▓▓▓▓▓▓▓▓▓▓▓▓
▓...8©8...▓...8©8...▓
▓..==[|=..▓..))=.=..▓
▓..}[|=)..▓....[....▓
▓.........▓.........▓
▓...88....▓.........▓
▓..88.)...▓...))....▓
▓...@E....▓....)....▓
▓.........▓.▓.....▓.▓
▓.▓.....▓.▓....©....▓
▓....©....▓▓▓▓▓▓▓▓▓▓▓
▓▓▓▓▓▓▓▓▓▓▓


You could see 3 iron golems, a crystal guardian and an earth elemental.

Vanquished Creatures
  A quicksilver dragon (D)
  2 hell hogs (D)
  An iron golem (D)
  A black mamba (D)
  A naga mage (D)
  An orange demon (D)
  2 gargoyles (D)
  A hellwing (D)
  A red devil (D)
  3 spriggans (D)
  2 fire elementals (D)
  A chaos spawn (D)
  2 nagas (D)
  4 hell hounds (D)
  2 black bears (D)
  3 necrophages (D)
  5 phantoms (D)
  2 orc warriors (D)
  An earth elemental (D)
  2 wights (D)
  2 quasits (D)
  3 orc priests (D)
  2 iron imps (D)
  An orc wizard (D)
  2 adders (D)
  A white imp (D)
  2 ufetubi (D)
  2 adder skeletons (D)
  An orc (D)
  A ball python skeleton (D)
  A leopard gecko zombie (D)
  A quokka skeleton (D)
  A quokka zombie (D)
58 creatures vanquished.

Vanquished Creatures (others)
  A spatial maelstrom (D)
1 creature vanquished.

Grand Total: 59 creatures vanquished

Notes
Turn   | Place    | Note
-------+----------+-------------------------------------------
     0 | D        | Found the +6 Majin-Bo {vamp, Archmagi MP+6 Int+6}
     0 | D        | Found the +7 great mace "Firestarter" {inner flame, rF++}
     0 | D        | Fang the Minotaur Berserker began the quest for the Orb.
     0 | D        | Reached XP level 1. HP: 19/19 MP: 0/0
     1 | D        | Banished a spatial maelstrom
     5 | D        | Found a blossoming altar of Fedhas.
     5 | D        | Banished a spatial maelstrom
     6 | D        | Found a viscous altar of Jiyva.
     6 | D        | Found a hazy altar of Hepliaklqana.
     6 | D        | Found a transporter.
     6 | D        | Found an opulent altar of Gozag.
     6 | D        | Found an ancient bone altar of Kikubaaqudgha.
     6 | D        | Found a corrupted altar of Lugonu.
    12 | D        | Found a burning altar of Makhleb.
    14 | D        | Found a sacrificial altar of Ru.
    14 | D        | Found a stormy altar of Qazlal.
    14 | D        | Found a deep blue altar of Sif Muna.
    14 | D        | Found an iron altar of Okawaru.
    14 | D        | Found a bloodstained altar of Trog.
    14 | D        | Found a sparkling altar of Nemelex Xobeh.
    75 | D        | Entered arena 2.
    75 | D        | Noticed a phantom
    75 | D        | Found a transporter.
    79 | D        | Reached skill level 4 in Axes
    83 | D        | Killed a phantom
    83 | D        | Reached ** piety under Trog
    83 | D        | Reached skill level 7 in Axes
    83 | D        | Reached skill level 1 in Polearms
    83 | D        | Reached XP level 2. HP: 34/34 MP: 1/1
    83 | D        | Reached XP level 3. HP: 39/39 MP: 2/2
    83 | D        | Reached XP level 4. HP: 47/47 MP: 3/3
   129 | D        | Entered arena 3.
   129 | D        | Noticed a necrophage
   129 | D        | Noticed a phantom
   129 | D        | Found a transporter.
   132 | D        | Killed a necrophage
   132 | D        | Reached skill level 8 in Axes
   132 | D        | Reached skill level 5 in Armour
   132 | D        | Reached XP level 5. HP: 56/56 MP: 4/4
   134 | D        | Killed a phantom
   134 | D        | Reached skill level 9 in Axes
   134 | D        | Reached XP level 6. HP: 66/66 MP: 5/5
   386 | D        | Entered arena 4.
   386 | D        | Noticed a hell hound
   386 | D        | Noticed a hell hound
   386 | D        | Found a transporter.
   391 | D        | Killed a hell hound
   391 | D        | Reached *** piety under Trog
   391 | D        | Reached skill level 10 in Fighting
   391 | D        | Reached skill level 10 in Axes
   391 | D        | Reached skill level 5 in Dodging
   394 | D        | Killed a hell hound
   394 | D        | Reached skill level 5 in Polearms
   476 | D        | Entered arena 5.
   476 | D        | Found a transporter.
   478 | D        | Reached **** piety under Trog
   482 | D        | Reached XP level 7. HP: 68/74 MP: 6/6
   510 | D        | Entered arena 6.
   510 | D        | Noticed a spriggan
   510 | D        | Noticed a spriggan
   510 | D        | Noticed a spriggan
   510 | D        | Found a transporter.
   513 | D        | Killed a spriggan
   513 | D        | Reached ***** piety under Trog
   513 | D        | Reached skill level 11 in Axes
   515 | D        | Killed a spriggan
   515 | D        | Reached skill level 1 in Stealth
   517 | D        | Killed a spriggan
   517 | D        | Received a gift from Trog
   517 | D        | Reached skill level 12 in Axes
   517 | D        | Reached XP level 8. HP: 85/85 MP: 7/7
   657 | D        | Reached XP level 9. HP: 93/93 MP: 8/8
   668 | D        | Entered arena 7.
   668 | D        | Noticed a naga mage
   668 | D        | Noticed a black mamba
   670 | D        | Found a transporter.
   676 | D        | Reached skill level 13 in Axes
   677 | D        | Killed a black mamba
   677 | D        | Received a gift from Trog
   684 | D        | Killed a naga mage
   684 | D        | Received a gift from Trog
   684 | D        | Reached skill level 14 in Axes
   933 | D        | Entered arena 8.
   933 | D        | Noticed a hell hog
   933 | D        | Noticed a hell hog
   939 | D        | Killed a hell hog
   939 | D        | Reached skill level 15 in Axes
   939 | D        | Reached skill level 10 in Armour
   940 | D        | Reached ****** piety under Trog
   942 | D        | Received a gift from Trog
   942 | D        | Reached XP level 10. HP: 86/104 MP: 9/9
   943 | D        | Killed a hell hog
   943 | D        | Reached skill level 16 in Axes
   944 | D        | Found a transporter.
   954 | D        | Got the +1 cloak "Firhixit" {MR+}
   960 | D        | Received a gift from Trog
   964 | D        | Got the +3 mace "Xioqon" {flame, +Blink Str+3}
  1113 | D        | Entered arena 9.
  1115 | D        | Found a transporter.
  1122 | D        | Received a gift from Trog
  1218 | D        | Entered arena 10.
  1218 | D        | Noticed an orange demon
  1219 | D        | Found a transporter.
  1227 | D        | Reached skill level 15 in Fighting
  1231 | D        | Received a gift from Trog
  1236 | D        | Reached skill level 17 in Axes
  1240 | D        | Killed an orange demon
  1303 | D        | Entered arena 11.
  1304 | D        | Found a transporter.
  1317 | D        | Received a gift from Trog
  1342 | D        | Got the +3 leather armour "Wobar" {+Inv}
  1354 | D        | Received a gift from Trog
  1362 | D        | Got the ring of Ashenzari's Regard {rF+ Int+2 Dex+4}
  1397 | D        | Entered arena 12.
  1397 | D        | Noticed a gargoyle
  1397 | D        | Noticed an iron golem
  1397 | D        | Noticed an iron golem
  1397 | D        | Noticed a gargoyle
  1398 | D        | Noticed a crystal guardian
  1398 | D        | Noticed an iron golem
  1398 | D        | Noticed an iron golem
  1398 | D        | Noticed a quicksilver dragon
  1399 | D        | Found a transporter.
  1402 | D        | Killed a gargoyle
  1402 | D        | Reached skill level 18 in Axes
  1409 | D        | Killed a gargoyle
  1409 | D        | Received a gift from Trog
  1411 | D        | Killed an iron golem
  1412 | D        | Killed a quicksilver dragon
  1412 | D        | Reached skill level 19 in Axes
  1412 | D        | Reached XP level 11. HP: 19/115 MP: 3/10
  1412 | D        | Slain by an iron golem

Skill      XL: |  1  2  3  4  5  6  7  8  9 10 |
---------------+-------------------------------+-----
Fighting       | 7 8 9 11 12 13 14 16 | 16.5
Axes           | 7 8 9 10 12 15 19 | 19.6
Polearms       | 1 2 3 5 7 |  7.8
Armour         | 4 5 6 8 10 12 | 12.3
Dodging        | 3 4 5 6 7 8 9 |  9.1
Stealth        | 1 3 4 |  4.4

Action                   |  1- 3 |  4- 6 |  7- 9 | 10-12 || total
-------------------------+-------+-------+-------+-------++-------
Melee: Demon trident     |     7 |    12 |       |       ||    19
       Headbutt          |       |     3 |     8 |    16 ||    27
       Executioner's axe |       |     5 |     5 |       ||    10
       War axe           |       |       |    10 |       ||    10
       Battleaxe         |       |       |     8 |    28 ||    36
       Broad axe         |       |       |       |    25 ||    25
Invok: Berserk           |     1 |     2 |     3 |     3 ||     9
       Burn Spellbooks   |       |       |     3 |     3 ||     6
  Use: Scroll            |       |     1 |       |     1 ||     2
       Potion            |       |       |     1 |       ||     1
  Eat: Ration            |       |       |     1 |     2 ||     3
Armor: Shadow dragon sca |     1 |     8 |    13 |    13 ||    35
       Leather armour    |       |       |       |     3 ||     3
Dodge: Dodged            |     2 |     7 |    13 |    39 ||    61
